 Dungeon Crawl Stone Soup version 0.25-a0-578-gc91f01c39c (webtiles) character file.

Game seed: 11300209706299726368, levelgen mode: deterministic

93 MisterFreud the Ruffian (level 4, -3/31 HPs)
             Began as an Octopode Fighter on Mar 3, 2020.
             Killed by nerve-wracking pain
             ... invoked by Grinder
              (8 damage)
             ... on level 3 of the Dungeon.
             The game lasted 00:01:45 (1370 turns).

MisterFreud the Ruffian (Octopode Fighter)          Turns: 1370, Time: 00:01:46

Health: -3/31      AC:  1    Str: 15    XL:     4   Next: 61%
Magic:  4/4        EV: 12    Int: 15    God:
Gold:   168        SH:  8    Dex: 11    Spells: 3/3 levels left

rFire    . . .     SeeInvis .     - Unarmed
rCold    . . .     Gourm    .   a - +0 kite shield
rNeg     . . .     Faith    .   (helmet restricted)
rPois    .         Spirit   .   (no amulet)
rElec    .         Reflect  .   g - +4 ring of intelligence
rCorr    .         Harm     .   (no ring)
MR       .....                  (no ring)
Stlth    ++........             (no ring)
HPRegen  0.10/turn              (no ring)
MPRegen  0.09/turn              (no ring)
                                (no ring)
                                (no ring)

@: no status effects
A: almost no armour, stealthy swim, amphibious, 8 rings, constrict 8, camouflage
1, gelatinous body 1
a: no special abilities


You were on level 3 of the Dungeon.
You were hungry.

You visited 1 branch of the dungeon, and saw 3 of its levels.

You collected 168 gold pieces.

Inventory:

Missiles
 h - 7 arrows
 j - 72 bolts
 k - 21 sling bullets
 m - 50 stones (quivered)
 n - an atropa-tipped dart
Armour
 a - a +0 kite shield (worn)
Jewellery
 g - a +4 ring of intelligence (left tentacle)
Scrolls
 d - a scroll of immolation {unknown}
 e - 2 scrolls of identify {unknown}
 f - 2 scrolls of magic mapping {unknown}
 i - a scroll of fear {unknown}
 l - 2 scrolls of amnesia {unknown}
 p - 2 scrolls of blinking {unknown}
Potions
 b - a potion of might
 o - a potion of lignification {unknown}
 q - a potion of haste {unknown}
Comestibles
 c - 3 rations


   Skills:
 - Level 3.0 Fighting
 + Level 3.8 Dodging
 - Level 3.0 Shields
 - Level 4.0 Unarmed Combat


You had 3 spell levels left.
You didn't know any spells.
Your spell library contained the following spells:

 Spells                   Type           Power        Failure   Level  Hunger
 Animate Skeleton         Necr           N/A          77%         1    ##.....
 Apportation              Tloc           #.....       77%         1    ##.....
 Corona                   Hex            #......      77%         1    ##.....
 Summon Small Mammal      Summ           #...         77%         1    ##.....


Dungeon Overview and Level Annotations

Branches:
Dungeon (3/15)

Altars:

Annotations:
D:3 Grinder


Innate Abilities, Weirdness & Mutations

You cannot wear most types of armour.
You are very stealthy in the water. (Stealth+)
You are amphibious.
You can wear up to eight rings at the same time.
You can use your tentacles to constrict eight enemies at once.
Your skin changes colour to match your surroundings (Stealth+).
Your rubbery body absorbs attacks. (AC +1, EV +1)


Message History

Grinder is moderately wounded.
You constrict Grinder. You block Grinder's attack.
You tentacle-slap Grinder.
Grinder is heavily wounded.
You constrict Grinder. Grinder hits you.
You writhe in agony.
You tentacle-slap Grinder.
Grinder is heavily wounded.
You constrict Grinder. Grinder misses you.
You tentacle-slap Grinder but do no damage.
Grinder is heavily wounded.
You constrict Grinder. Grinder hits you!
* * * LOW HITPOINT WARNING * * *
You writhe in agony.
* * * LOW HITPOINT WARNING * * *
You tentacle-slap Grinder.
Grinder is severely wounded.
You constrict Grinder. Grinder gestures at you. Pain shoots through your body!
You die...

#.....................
......................
...##................
.........###..####.#
.##.#....##†.....#
#.#............##
#.......)†.......
...........[..#.
........@.....#
........5.....#
.........%......
..............##
..............#
............#.#
.###########.# #


You could see Grinder.

Vanquished Creatures
  2 adders
  2 oozes
  2 worms (D:2)
  3 dart slugs
  3 leopard geckos
  3 giant cockroaches
  8 goblins
  7 hobgoblins
  8 bats
  3 frilled lizards (D:1)
  5 kobolds
  4 rats
50 creatures vanquished.

Notes
Turn   | Place    | Note
-------+----------+-------------------------------------------
     0 | D:1      | MisterFreud the Octopode Fighter began the quest for the
                  | Orb.
     0 | D:1      | Reached XP level 1. HP: 16/16 MP: 1/1
    73 | D:1      | Reached XP level 2. HP: 20/21 MP: 2/2
   100 | D:1      | Reached skill level 3 in Unarmed Combat
   338 | D:1      | Reached XP level 3. HP: 26/26 MP: 3/3
   843 | D:2      | Reached skill level 4 in Unarmed Combat
   884 | D:2      | Reached XP level 4. HP: 18/31 MP: 4/4
  1350 | D:3      | Noticed Grinder
  1370 | D:3      | Killed from afar by Grinder

Levels and vault maps discovered:
D:1:      roderic_dead_forest, layout_loops_ring
D:2:      layout_basic
D:3:      layout_rooms, chequers_ecumenical_altar_simple, uniq_grinder

Skill      XL: |  1  2  3 |
---------------+----------+-----
Unarmed Combat | 3 4 |  4.0
Fighting       | |  3.0
Dodging        | |  3.8
Shields        | |  3.0

Action                   |  1- 3 |  4- 6 || total
-------------------------+-------+-------++-------
Melee: Unarmed           |    64 |    42 ||   106
       Tentacles         |    14 |     8 ||    22
       Constrict         |    15 |    10 ||    25
       Punch             |     3 |     2 ||     5
 Stab: Sleeping          |     5 |       ||     5
  Eat: Chunk             |       |     1 ||     1
Armor: Skin              |     6 |     4 ||    10
Dodge: Dodged            |    23 |    10 ||    33
Block: Kite shield       |    19 |    18 ||    37

Table legend:
 A = Non-vault XP
 B = Vault XP
 C = Vault XP percentage of total XP
 D = Non-vault monster count
 E = Vault monster count
 F = Vault count percentage of total count
                 A         B        C        D         E       F
            +---------+---------+-------+---------+---------+-------
      Total |     133 |       0 |   0.0 |      50 |       0 |   0.0
            +---------+---------+-------+---------+---------+-------
        D:1 |      44 |       0 |   0.0 |      23 |       0 |   0.0
        D:2 |      61 |       0 |   0.0 |      20 |       0 |   0.0
        D:3 |      28 |       0 |   0.0 |       7 |       0 |   0.0
            +---------+---------+-------+---------+---------+-------
